[Event "*** Titled Tuesday 3|2 Blitz"]
[Site "Chess.com"]
[Date "2017.05.02"]
[Round "1"]
[White "RitvarsReimanis"]
[Black "metalbattler"]
[Result "1-0"]
[WhiteElo "2429"]
[BlackElo "2036"]
[TimeControl "180+2"]
[EndTime "13:02:18 PDT"]
[Termination "RitvarsReimanis won by resignation"]

1. d4 d5 2. c4 c6 3. Nf3 Nf6 4. e3 e6 5. b3 Bb4+ 6. Nbd2 Qe7 7. Bd3 Nbd7 8. Bb2 O-O 9. O-O Bd6 10. Ne5 Bc7 11. f4 Ne8 12. Qc2 f6 13. Bxh7+ 1-0

[Event "*** Titled Tuesday 3|2 Blitz"]
[Site "Chess.com"]
[Date "2017.05.02"]
[Round "1"]
[White "1random"]
[Black "penguingm1"]
[Result "0-1"]
[WhiteElo "2297"]
[BlackElo "2572"]
[TimeControl "180+2"]
[EndTime "13:03:06 PDT"]
[Termination "penguingm1 won by resignation"]

1. d4 d5 2. Bf4 Nf6 3. e3 e6 4. c3 c5 5. Bd3 Nc6 6. Nd2 Bd6 7. Bxd6 Qxd6 8. f4 O-O 9. Ngf3 b6 10. a3 Bb7 11. O-O Ne7 12. Qe2 Nf5 13. Ne5 Qe7 14.
g4 Nd6 15. g5 Nfe4 16. Bxe4 dxe4 17. b4 cxd4 18. cxd4 f6 19. gxf6 gxf6 20. Ng4 Kh8 21. Nf2 Rg8+ 22. Kh1 Nf5 23. Rg1 Nxd4 24. Qh5 Nf5 0-1

[Event "*** Titled Tuesday 3|2 Blitz"]
[Site "Chess.com"]
[Date "2017.05.02"]
[Round "1"]
[White "RobertoJBM"]
[Black "Marreuh"]
[Result "1-0"]
[WhiteElo "2457"]
[BlackElo "2117"]
[TimeControl "180+2"]
[EndTime "13:03:14 PDT"]
[Termination "RobertoJBM won by resignation"]

1. d4 d5 2. c3 c5 3. dxc5 e6 4.
e4 Bxc5 5. exd5 exd5 6. Nf3 Nf6 7.
Bd3 O-O 8. O-O Nc6 9. Bg5 d4 10. b4 Bb6 11. b5 Na5 12. Nxd4 Bxd4 13. cxd4 h6 14. Bh4 Be6 15. Be2 Rc8 16. Na3 Qd6 17.
Qa4 Nc4 18. Nxc4 Bxc4 19. Bxc4 Qxd4 20. Bxf7+ 1-0

[Event "*** Titled Tuesday 3|2 Blitz"]
[Site "Chess.com"]
[Date "2017.05.02"]
[Round "1"]
[White "Vamostodorecto"]
[Black "jcibarra"]
[Result "0-1"]
[WhiteElo "2360"]
[BlackElo "2664"]
[TimeControl "180+2"]
[EndTime "13:03:31 PDT"]
[Termination "jcibarra won by resignation"]

1. d4 Nf6 2. c4 d6 3. Nc3 e5 4.
Nf3 e4 5. Ng5 Qe7 6. Qc2 Bf5 7. f3 Nc6 8. Be3 exf3 9. Qxf5 Qxe3 10. gxf3 Nxd4 0-1

[Event "*** Titled Tuesday 3|2 Blitz"]
[Site "Chess.com"]
[Date "2017.05.02"]
[Round "1"]
[White "Rating-Schmating"]
[Black "Alexander_Donchenko"]
[Result "0-1"]
[WhiteElo "2212"]
[BlackElo "2513"]
[TimeControl "180+2"]
[EndTime "13:03:37 PDT"]
[Termination "Alexander_Donchenko won by resignation"]

1. e4 c5 2. Be2 Nc6 3. f4 e6 4. Nf3 d5 5. d3 Nf6 6. e5 Nd7 7. c3 Be7 8. Na3 Rb8 9. Nc2 b5 10. O-O b4 11. d4 bxc3 12. bxc3 Qa5 13. Qe1 Ba6 14. Bxa6 Qxa6 15. Be3 O-O 16. Qd2 Nb6 17. Qf2 Nc4 18. dxc5 Nxe3 19. Qxe3 Qa5 20. Ncd4 Bxc5 21. Rfb1 Rxb1+ 22. Rxb1 Qxa2 23. Rb7 Qa6 24. Rc7 Qb6 25.
Rd7 Nb8 26. Rd6 Bxd6 27. exd6 Qxd6 28. Ne5 Nd7 29. Nb5 Qc5 30. Qxc5 Nxc5 31. Nxa7 Ne4 32. c4 dxc4 33. Kf1 c3 34. Nb5 c2 35. Nd3 Rd8 36.
Ke2 Rxd3 0-1

[Event "*** Titled Tuesday 3|2 Blitz"]
[Site "Chess.com"]
[Date "2017.05.02"]
[Round "1"]
[White "iturrizaga"]
[Black "andreimacovei2000"]
[Result "1-0"]
[WhiteElo "2663"]
[BlackElo "2358"]
[TimeControl "180+2"]
[EndTime "13:03:38 PDT"]
[Termination "iturrizaga won by resignation"]

1. Nf3 Nf6 2. c4 g6 3. g3 Bg7 4. Bg2 O-O 5. O-O d6 6. d4 Nbd7 7. Nc3 e5 8. Qc2 exd4 9. Nxd4 Nb6 10. b3 c5 11. Ndb5 Bf5 12. e4 Nxe4 13. Bxe4 Bxe4 14. Nxe4 Bxa1 15. Bg5 f6 16. Bh6 Be5 17. f4 Bd4+ 18.
Nxd4 cxd4 19. Bxf8 Qxf8 20. f5 g5 21. Qd3 d5 22.
cxd5 Nxd5 23. Qxd4 Rd8 24. Rd1 Kg7 25. Nxg5 1-0

[Event "*** Titled Tuesday 3|2 Blitz"]
[Site "Chess.com"]
[Date "2017.05.02"]
[Round "1"]
[White "Keaton87"]
[Black "FearlessKing64"]
[Result "1-0"]
[WhiteElo "2467"]
[BlackElo "2145"]
[TimeControl "180+2"]
[EndTime "13:03:43 PDT"]
[Termination "Keaton87 won by resignation"]

1. d4 Nf6 2. Nf3 g6 3. Bf4 Bg7 4. e3 d5 5. Be2 Ne4 6. Nfd2 Nxd2 7. Nxd2 O-O 8. O-O Nc6 9. c4 e5 10. cxd5 Qxd5 11. Bf3 Qd7 12. Bxc6 Qxc6 13. Bxe5 Bxe5 14.
dxe5 Rd8 15. Qe1 Qc2 16. Nf3 Qxb2 17. Rc1 c6 18. Qa5 Qb6 19. Qc3 Bf5 20. Nd4 Bd7 21. Rb1 Qa5 22. Qxa5 1-0

[Event "*** Titled Tuesday 3|2 Blitz"]
[Site "Chess.com"]
[Date "2017.05.02"]
[Round "1"]
[White "Abrito99"]
[Black "PaulfromSPb"]
[Result "0-1"]
[WhiteElo "2267"]
[BlackElo "2567"]
[TimeControl "180+2"]
[EndTime "13:03:53 PDT"]
[Termination "PaulfromSPb won by resignation"]

1. e4 c5 2. Nf3 d6 3. d4 cxd4 4. Nxd4 Nf6 5. Nc3 a6 6. f3 e5 7. Nb3 Be7 8. Be3 Be6 9. Qd2 O-O 10. O-O-O a5 11. Bb5 Na6 12. g4 Nc7 13. Ba4 Qb8 14. Qd3 d5 15. exd5 Nfxd5 16. Nxd5 Nxd5 17. Bd2 Nb4 18. Bxb4 axb4 19. Qb5 Rc8 20. Rhe1 Qa7 21.
Na5 Qxa5 0-1

[Event "*** Titled Tuesday 3|2 Blitz"]
[Site "Chess.com"]
[Date "2017.05.02"]
[Round "1"]
[White "ZivkovicN"]
[Black "anon102030"]
[Result "0-1"]
[WhiteElo "2328"]
[BlackElo "2604"]
[TimeControl "180+2"]
[EndTime "13:04:11 PDT"]
[Termination "anon102030 won by resignation"]

1. e4 e5 2. Nf3 Nc6 3. Bb5 Nge7 4. c3 d6 5. O-O Bd7 6. d4 Ng6 7. Re1 Be7 8. Nbd2 O-O 9. dxe5 Ncxe5 10. Bxd7 Qxd7 11. Nd4 Nd3 12. Re3 Nxc1 13. Rxc1 Bg5 14. Rh3 h6 15. Rc2 Rfe8 16. f3 d5 17. exd5 Be3+ 18.
Kh1 Qxd5 19. Nf1 c5 0-1

[Event "*** Titled Tuesday 3|2 Blitz"]
[Site "Chess.com"]
[Date "2017.05.02"]
[Round "1"]
[White "silverback96"]
[Black "eldur16"]
[Result "0-1"]
[WhiteElo "2085"]
[BlackElo "2448"]
[TimeControl "180+2"]
[EndTime "13:04:41 PDT"]
[Termination "eldur16 won by resignation"]

1. Nf3 Nf6 2. g3 b6 3. Bg2 Bb7 4. O-O c5 5. c4 g6 6. Nc3 Bg7 7. d4 cxd4 8. Qxd4 d6 9. Qh4 h6 10. Rd1 Nbd7 11. b3 Rc8 12. Be3 a6 13. Rd2 b5 14. Rad1 bxc4 15. bxc4 Qc7 16. Nd5 Qxc4 17. Rd4 Qxa2 18. Nxe7 g5 19. Qh3 Kxe7 20. Rxd6 Rhd8 21. Qf5 Qc2 22. Qe5+ Nxe5 0-1

[Event "*** Titled Tuesday 3|2 Blitz"]
[Site "Chess.com"]
[Date "2017.05.02"]
[Round "1"]
[White "matiss90"]
[Black "Indianlad"]
[Result "0-1"]
[WhiteElo "2342"]
[BlackElo "2647"]
[TimeControl "180+2"]
[EndTime "13:05:39 PDT"]
[Termination "Indianlad won by resignation"]

1. e4 c5 2. Nf3 d6 3. d4 cxd4 4. Nxd4 Nf6 5. Nc3 Bd7 6. Bc4 Nc6 7. Be3 g6 8. f3 Rc8 9. Bb3 Na5 10. Qd2 h5 11. O-O-O Bg7 12. h3 h4 13. Kb1 a6 14.
f4 Nxb3 15. axb3 Bc6 16. e5 dxe5 17. fxe5 Ne4 18. Nxe4 Bxe4 19. e6 Bxd4 20. exf7+ Kxf7 21. Bxd4 Bxc2+ 22. Ka2 Rh5 23. Rdf1+ Kg8 24. Bc3 Qxd2 25. Bxd2 Rcc5 26. b4 Rc4 27. Re1 Ra5+ 0-1

[Event "*** Titled Tuesday 3|2 Blitz"]
[Site "Chess.com"]
[Date "2017.05.02"]
[Round "1"]
[White "stefanodinn"]
[Black "yurisolo"]
[Result "0-1"]
[WhiteElo "2200"]
[BlackElo "2499"]
[TimeControl "180+2"]
[EndTime "13:05:45 PDT"]
[Termination "yurisolo won by resignation"]

1. e4 c5 2. Nf3 e6 3. d4 cxd4 4. Nxd4 Nc6 5. Nb5 d6 6. c4 Nf6 7.
N1c3 a6 8. Nd4 Bd7 9. Be2 Rc8 10. b3 Qa5 11. Nxc6 Bxc6 12. Bd2 Qe5 13. f3 d5 14. cxd5 exd5 15. exd5 Bd7 16. Rc1 Bc5 17. Kf1 O-O 18. Be1 Rfd8 19. Bf2 Bxf2 20. Kxf2 Rxc3 0-1

[Event "*** Titled Tuesday 3|2 Blitz"]
[Site "Chess.com"]
[Date "2017.05.02"]
[Round "1"]
[White "David_Klein"]
[Black "Sinquefield"]
[Result "1-0"]
[WhiteElo "2485"]
[BlackElo "2150"]
[TimeControl "180+2"]
[EndTime "13:05:48 PDT"]
[Termination "David_Klein won by resignation"]

1. e4 e6 2. Qe2 d5 3. exd5 Qxd5 4.
Nc3 Qd8 5. g3 Nf6 6. Bg2 Be7 7.
Nf3 O-O 8. d4 c5 9. dxc5 Bxc5 10. Bg5 Nc6 11. Rd1 Qa5 12. O-O Nd5 13. Ne4 Be7 14.
c4 Nb6 15. Bxe7 Nxe7 16. a3 Qh5 17. Nd6 Nf5 18. Nxf5 Qxf5 19. Nd4 Qf6 20. b4 e5 21.
Nb5 a6 22. Nc7 Bf5 23. Nxa8 1-0

[Event "*** Titled Tuesday 3|2 Blitz"]
[Site "Chess.com"]
[Date "2017.05.02"]
[Round "1"]
[White "1lec"]
[Black "Gabix_94"]
[Result "0-1"]
[WhiteElo "2061"]
[BlackElo "2449"]
[TimeControl "180+2"]
[EndTime "13:05:54 PDT"]
[Termination "Gabix_94 won by resignation"]

1. e4 c5 2. Nf3 e6 3. g3 Nc6 4.
Bg2 d6 5. O-O Nf6 6. Qe2 Be7 7.
Rd1 O-O 8. d4 cxd4 9. Nxd4 Qc7 10. c4 a6 11. Nc3 Ne5 12. Bf1 b6 13. f4 Ned7 14. Bg2 Bb7 15. Be3 Rac8 16. Rac1 Rfe8 17. b3 Qb8 18. h3 Bf8 19. g4 Qa8 20. Bf2 Nc5 21. Re1 g6 22. g5 Nh5 23. Qf3 Bg7 24.
Nde2 d5 25. cxd5 exd5 26. Nxd5 Nxe4 27. Rxc8 Qxc8 28. Nxb6 Qd8 29. Nc4 Re7 30. Bb6 Qe8 31. Rf1 Nc3 32. Nxc3 Bxf3 0-1

[Event "*** Titled Tuesday 3|2 Blitz"]
[Site "Chess.com"]
[Date "2017.05.02"]
[Round "1"]
[White "TheLancer"]
[Black "roldieyi"]
[Result "1-0"]
[WhiteElo "2444"]
[BlackElo "2072"]
[TimeControl "180+2"]
[EndTime "13:05:57 PDT"]
[Termination "TheLancer won by resignation"]

1. e4 c6 2. d4 d5 3. Nc3 dxe4 4.
Nxe4 Nf6 5. Nxf6+ exf6 6. c3 Bd6 7. Bd3 O-O 8. Qc2 Re8+ 9. Ne2 h6 10. h4 b5 11. Be3 Nd7 12. O-O-O Nb6 13. Kb1 a5 14. Rdg1 Bg4 15. Bc1 Bxe2 16. Bxe2 Nd5 17. g4 Nf4 18. Bf3 Qc7 19. g5 fxg5 20. hxg5 h5 21. Bxf4 Bxf4 22. g6 fxg6 23. Qxg6 Rad8 24. Qxh5 Re7 25. Qh8+ Kf7 26. Rxg7+ Ke6 27. Re1+ Kd6 28. Rg6+ Kd7 29. Bg4+ 1-0

[Event "*** Titled Tuesday 3|2 Blitz"]
[Site "Chess.com"]
[Date "2017.05.02"]
[Round "1"]
[White "MagnusCarlsen"]
[Black "djano"]
[Result "1-0"]
[WhiteElo "2964"]
[BlackElo "2398"]
[TimeControl "180+2"]
[EndTime "13:06:10 PDT"]
[Termination "MagnusCarlsen won by resignation"]

1. d4 e6 2. Nf3 f5 3. Bf4 Nf6 4. e3 d5 5. c4 c6 6. Nc3 Bd6 7. Bd3 O-O 8. O-O Ne4 9. Ne2 Be7 10. h3 Nd7 11. Bh2 Bd6 12. Bxd6 Nxd6 13. Rc1 Qe7 14. Qb3 Kh8 15. Qa3 Re8 16. Rfd1 Ne4 17. Qxe7 Rxe7 18. b4 Nb6 19. Ne5 dxc4 20. Bxe4 fxe4 21. Nxc4 Nxc4 22. Rxc4 a5 23. bxa5 Rxa5 24. Nc3 e5 25. d5 Bd7 26. dxc6 bxc6 27. Rb4 h6 28. Rb7 Ra3 29. Nxe4 Bg4 30. Rd8+ 1-0

[Event "*** Titled Tuesday 3|2 Blitz"]
[Site "Chess.com"]
[Date "2017.05.02"]
[Round "1"]
[White "kleinebeer98"]
[Black "politeplayer"]
[Result "1-0"]
[WhiteElo "2449"]
[BlackElo "2093"]
[TimeControl "180+2"]
[EndTime "13:06:15 PDT"]
[Termination "kleinebeer98 won by checkmate"]

1. e4 c5 2. Nf3 Nc6 3. d4 cxd4 4. Nxd4 g6 5. Nc3 Bg7 6. Nf3 d6 7. h3 Nf6 8. Bc4 O-O 9. O-O a6 10. Re1 b5 11. Bb3 Bb7 12. Bg5 Rc8 13. Nd5 Nxd5 14. exd5 Ne5 15. Nxe5 Bxe5 16. c3 f6 17. Bh6 Qb6 18.
Be3 Rc5 19. f4 Bxf4 20. Bxf4 Rxc3+ 21. Kh2 Rc7 22. Qd2 g5 23. Be3 Rc5 24. Bxc5 dxc5 25. d6+ Kg7 26. Rxe7+ Kh6 27. Bc2 f5 28. Re6+ Kg7 29.
Qxg5+ Kh8 30. Qe7 Rg8 31. Qf6+ Rg7 32. Re8# 1-0

[Event "*** Titled Tuesday 3|2 Blitz"]
[Site "Chess.com"]
[Date "2017.05.02"]
[Round "1"]
[White "rithwik2002"]
[Black "sorito"]
[Result "0-1"]
[WhiteElo "1881"]
[BlackElo "2369"]
[TimeControl "180+2"]
[EndTime "13:06:18 PDT"]
[Termination "sorito won by resignation"]

1. d4 e6 2. Bf4 b6 3. Nf3 Bb7 4.
e3 g6 5. Bd3 Bg7 6. h4 h6 7.
Nbd2 d6 8. Qe2 Nd7 9. c3 a6 10. e4 Ne7 11. e5 d5 12. g4 c5 13. Nf1 Qc8 14. Ng3 a5 15. g5 h5 16. Nd2 a4 17.
Be3 Nc6 18. a3 Ba6 19. f4 Bf8 20. O-O Bxd3 21. Qxd3 Qa6 22. c4 cxd4 23. Bf2 Nc5 24. Qe2 Na5 25. Rab1 Ncb3 26. Nxb3 Nxb3 27. Qf3 Qxc4 28.
f5 Nd2 29. Qg2 Nxb1 30. fxg6 fxg6 31. Qh3 Kd7 32. Be1 Be7 0-1

[Event "*** Titled Tuesday 3|2 Blitz"]
[Site "Chess.com"]
[Date "2017.05.02"]
[Round "1"]
[White "XiaoKangZhong"]
[Black "TricksOnly"]
[Result "0-1"]
[WhiteElo "2009"]
[BlackElo "2437"]
[TimeControl "180+2"]
[EndTime "13:06:34 PDT"]
[Termination "TricksOnly won by resignation"]

1. e4 d5 2. exd5 Nf6 3. c4 e6 4. dxe6 Bxe6 5. Nf3 Nc6 6. Nc3 Bc5 7. d3 Qd7 8. Be3 Nd4 9. Nxd4 Bxd4 10. Be2 O-O 11. O-O Rfe8 12. Qd2 Rad8 13. Nb5 Bxe3 14. fxe3 Bxc4 15.
Nd4 Bd5 16. e4 Bxe4 17. dxe4 Qxd4+ 18. Qxd4 Rxd4 19. Bf3 Nxe4 20. Rfe1 f5 21. Rad1 Red8 22.
Rxd4 Rxd4 23. Bxe4 fxe4 24. Re2 Kf7 25. Kf2 Ke6 26.
g3 Ke5 27. Rc2 c6 28. Rc5+ Rd5 29. Rc4 Rd2+ 30. Ke3 Rxb2 31. Rxe4+ Kd6 32. Rd4+ Kc7 33. Rh4 h6 34. a4 b5 35. axb5 cxb5 36. Rg4 g5 37. h4 gxh4 38. Rxh4 a5 39. Rxh6 a4 40. g4 Kb7 41. g5 a3 42. Rh1 Rg2 43. Kf4 b4 44. Kf5 b3 45. g6 a2 46. Kf6 b2 47.
Kf7 Rxg6 48. Kxg6 b1=Q+ 49. Rxb1+ axb1=Q+ 0-1

[Event "*** Titled Tuesday 3|2 Blitz"]
[Site "Chess.com"]
[Date "2017.05.02"]
[Round "1"]
[White "johnathan113"]
[Black "WeiYi1999"]
[Result "1-0"]
[WhiteElo "2448"]
[BlackElo "2077"]
[TimeControl "180+2"]
[EndTime "13:06:35 PDT"]
[Termination "johnathan113 won by resignation"]

1. e4 e5 2. Nf3 Nc6 3. d4 exd4 4.
Nxd4 Nf6 5. Nxc6 bxc6 6. e5 Qe7 7. Qe2 Nd5 8. c4 Ba6 9. b3 g6 10. Ba3 Nb4 11. Nc3 Nc2+ 12. Qxc2 Qxe5+ 13. Be2 Bxa3 14. O-O O-O 15. Bf3 Rae8 16. Rad1 Bd6 17. g3 Qf6 18. Bg2 Re7 19. Ne4 Qf5 20. Qd3 Bc5 21. Kh1 Rfe8 22. g4 Qe5 23. f4 Qb2 24. Nxc5 Re2 25. Rg1 Rf2 26. Qd4 Qxa2 27. Nxd7 c5 28. Nf6+ Kf8 29. Qxc5+ 1-0

[Event "*** Titled Tuesday 3|2 Blitz"]
[Site "Chess.com"]
[Date "2017.05.02"]
[Round "1"]
[White "BjarkeSahl"]
[Black "Astaneh"]
[Result "1-0"]
[WhiteElo "2155"]
[BlackElo "2438"]
[TimeControl "180+2"]
[EndTime "13:06:37 PDT"]
[Termination "BjarkeSahl won by checkmate"]

1. e4 c6 2. d4 d5 3. Nd2 dxe4 4. Nxe4 Nd7 5. Bc4 Ngf6 6. Ng5 e6 7. Qe2 Nb6 8. Bd3 h6 9. N5f3 c5 10. c3 a6 11. Nh3 cxd4 12. Nxd4 Bc5 13. Nf5 O-O 14. Nxh6+ gxh6 15. Bxh6 Re8 16. O-O-O Nbd5 17. g4 e5 18. Rhg1 e4 19. Bc4 Be6 20. g5 Nh7 21. g6 fxg6 22.
Rxg6+ Kf7 23. Qh5 Ke7 24. Rxe6+ Kxe6 25. Rxd5 Qf6 26. Rxc5+ Kd6 27. Qd5+ Ke7 28. Rc7# 1-0

[Event "*** Titled Tuesday 3|2 Blitz"]
[Site "Chess.com"]
[Date "2017.05.02"]
[Round "1"]
[White "AkshatChandra"]
[Black "rubhani"]
[Result "1-0"]
[WhiteElo "2752"]
[BlackElo "2391"]
[TimeControl "180+2"]
[EndTime "13:06:38 PDT"]
[Termination "AkshatChandra won by resignation"]

1. d4 Nf6 2. Nf3 e6 3. Bf4 d5 4.
e3 Bd6 5. Bg3 O-O 6. Nbd2 c5 7.
c3 Nc6 8. Bb5 Bxg3 9. hxg3 Qb6 10.
Bxc6 bxc6 11. Qc2 Ba6 12. Rb1 h6 13. b4 cxd4 14. exd4 Nd7 15. Nb3 Rfe8 16. Nc5 Nxc5 17. bxc5 Qa5 18. Ne5 Rac8 19. f3 f6 20. Ng4 e5 21.
Nxf6+ Kf7 22. Nxe8 Rxe8 23. Kf2 exd4 24. Qf5+ Kg8 25.
Rhe1 Rf8 26. Qe6+ Kh8 27. cxd4 Qd2+ 28. Kg1 Qxd4+ 29. Qe3 Qf6 30. Rbd1 Bc4 31. a3 Rb8 32. Rd2 Rb3 33. Qe6 Qc3 34. Qc8+ 1-0

[Event "*** Titled Tuesday 3|2 Blitz"]
[Site "Chess.com"]
[Date "2017.05.02"]
[Round "1"]
[White "Alexander_Moskalenko"]
[Black "bilelou"]
[Result "0-1"]
[WhiteElo "2666"]
[BlackElo "2393"]
[TimeControl "180+2"]
[EndTime "13:06:48 PDT"]
[Termination "bilelou won on time"]

1. c4 e6 2. Nf3 d5 3. e3 Nf6 4. b3 Bd6 5. Bb2 Nbd7 6. g4 h6 7. Rg1 Qe7 8. h4 c6 9. g5 hxg5 10.
hxg5 Nh5 11. Nc3 b6 12. cxd5 exd5 13. Be2 Nb8 14. Nd4 Bh2 15. Rg2 Ng3 16. fxg3 Qxg5 17. Kf2 Bxg3+ 18. Kg1 Qh4 19. Rxg3 Qxg3+ 0-1

[Event "*** Titled Tuesday 3|2 Blitz"]
[Site "Chess.com"]
[Date "2017.05.02"]
[Round "1"]
[White "Cayse"]
[Black "evgenyermolaev"]
[Result "1-0"]
[WhiteElo "2658"]
[BlackElo "2355"]
[TimeControl "180+2"]
[EndTime "13:06:48 PDT"]
[Termination "Cayse won by resignation"]

1. e4 c5 2. Nf3 d6 3. Bb5+ Nd7 4. O-O a6 5. Bd3 Ngf6 6. c3 e6 7.
Qe2 Be7 8. Bc2 O-O 9. d4 b5 10. a4 Bb7 11. Nbd2 Rc8 12. axb5 axb5 13. Qxb5 Qc7 14.
Qe2 cxd4 15. Nxd4 d5 16. Re1 Bc5 17. N4b3 Qb6 18. e5 Ne4 19. Nxe4 dxe4 20. Nxc5 Nxc5 21. b4 Nd3 22. Bxd3 exd3 23. Qxd3 Qc6 24. Qg3 Qxc3 25. Be3 Kh8 26. Bc5 Rfd8 27. Qxc3 1-0

[Event "*** Titled Tuesday 3|2 Blitz"]
[Site "Chess.com"]
[Date "2017.05.02"]
[Round "1"]
[White "GamayevOleg"]
[Black "Lawliet64"]
[Result "1-0"]
[WhiteElo "2425"]
[BlackElo "1998"]
[TimeControl "180+2"]
[EndTime "13:07:06 PDT"]
[Termination "GamayevOleg won by checkmate"]

1. d3 Nf6 2. e4 d6 3. Nf3 c5 4. Be2 g6 5. c3 Bg7 6. a4 O-O 7. O-O Nc6 8. h3 a6 9. Qc2 Rb8 10. Rd1 b5 11. axb5 axb5 12. d4 Qc7 13. dxc5 dxc5 14.
Be3 c4 15. Nbd2 Be6 16. Nd4 Nxd4 17. Bxd4 Rb7 18. Nf3 Rc8 19. Ra6 b4 20. Rda1 bxc3 21. bxc3 Rcb8 22. Ra8 Nd7 23. Bxg7 Kxg7 24. Rxb8 Qxb8 25.
Nd4 Rb2 26. Nxe6+ fxe6 27. Qd1 Ne5 28. Bf1 Qb6 29. Qd4 Qxd4 30. cxd4 Nd3 31. Bxd3 cxd3 32.
Rd1 d2 33. Kf1 e5 34. d5 e6 35. dxe6 Kf6 36. Ke2 Kxe6 37. Rxd2 Rb6 38. Ra2 Rc6 39. Kd3 Rd6+ 40. Ke3 Rc6 41. Ra3 Rb6 42. g3 Rc6 43. h4 h6 44. f4 Rb6 45. fxe5 Kxe5 46. Ra5+ Ke6 47. Kf4 Rc6 48. g4 Rb6 49. g5 h5 50.
Rc5 Ra6 51. Rb5 Rc6 52. Rb8 Ra6 53. Rf8 Ke7 54. Rg8 Kf7 55. Rd8 Ra1 56. Rd6 Rh1 57. Ke5 Rxh4 58. Rd7+ Ke8 59. Rg7 Rg4 60. Rxg6 h4 61.
Kf5 Rg1 62. Rh6 Rf1+ 63. Ke6 Kf8 64. Rxh4 Kg7 65. Rh6 Rg1 66. e5 Rxg5 67. Rf6 Rg1 68. Rf2 Ra1 69. Rd2 Ra6+ 70. Ke7 Kg8 71. e6 Ra1 72. Rg2+ Kh7 73. Kf7 Rf1+ 74. Ke8 Ra1 75. e7 Ra8+ 76. Kf7 Ra7 77. Rh2# 1-0

[Event "*** Titled Tuesday 3|2 Blitz"]
[Site "Chess.com"]
[Date "2017.05.02"]
[Round "1"]
[White "JSMastropiero"]
[Black "Iball95"]
[Result "0-1"]
[WhiteElo "2209"]
[BlackElo "2505"]
[TimeControl "180+2"]
[EndTime "13:07:08 PDT"]
[Termination "Iball95 won by resignation"]

1. d4 Nf6 2. c4 e6 3. Nc3 Bb4 4. e3 O-O 5. Ne2 c6 6. a3 Ba5 7.
Ng3 d5 8. cxd5 exd5 9. Bd3 Bc7 10. O-O a5 11. Bd2 Nbd7 12. Rc1 Re8 13. f4 b5 14. Qf3 Nb6 15. b3 Bg4 16. Qf2 Bd7 17. h3 a4 18. b4 Nc4 19. Bxc4 bxc4 20. Rce1 h6 21. e4 dxe4 22. Ngxe4 Nxe4 23. Nxe4 Be6 24. f5 Bd5 25. Nc3 Qd6 26. Bf4 Qxf4 27. Rxe8+ Rxe8 28. Qxf4 Bxf4 29. Rxf4 Re3 30. Nxa4 Rxa3 31. Nb6 Ra1+ 32.
Kh2 c3 33. Rf2 Ra2 34. Rf1 Rxg2+ 0-1

[Event "*** Titled Tuesday 3|2 Blitz"]
[Site "Chess.com"]
[Date "2017.05.02"]
[Round "1"]
[White "SidArun"]
[Black "ZEN-22"]
[Result "1-0"]
[WhiteElo "2068"]
[BlackElo "2398"]
[TimeControl "180+2"]
[EndTime "13:07:11 PDT"]
[Termination "SidArun won by checkmate"]

1. e4 c5 2. d4 cxd4 3. c3 d5 4. cxd4 dxe4 5. Nc3 Nf6 6. Bc4 g6 7.
Bg5 Bg7 8. Qb3 O-O 9. Nge2 Nc6 10. Rd1 Na5 11. Qb4 Nxc4 12. Qxc4 Be6 13. d5 Rc8 14.
Qb5 Bd7 15. Qxb7 Rb8 16. Qxa7 Rxb2 17. O-O Bb5 18. Nxb5 Rxb5 19. Nc3 Ra5 20. Qb7 h6 21. Bxf6 exf6 22. Nxe4 f5 23. Nd2 Rxd5 24. Qb4 Rd4 25. Qc3 Rd3 26. Qc2 Rc3 27. Qa4 Qa8 28. Qxa8 Rxa8 29.
Nb1 Rc2 30. a3 h5 31. Rc1 Rxc1 32. Rxc1 Bb2 33. Rc2 Bxa3 34. Ra2 Rc8 35. g3 Rc1+ 36. Kg2 Bc5 37. Nd2 h4 38. Nf3 hxg3 39. hxg3 Kg7 40. Re2 Kf6 41. Ne5 Kg5 42. Nxf7+ Kh5 43. Re8 g5 44.
Rg8 Be7 45. Ne5 g4 46. Ng6 Bg5 47. Ne5 Rc7 48. Rf8 f4 49. gxf4 Bh6 50. Rf5+ Kh4 51.
Ng6# 1-0

[Event "*** Titled Tuesday 3|2 Blitz"]
[Site "Chess.com"]
[Date "2017.05.02"]
[Round "1"]
[White "arna"]
[Black "pKiLz5Rn9b"]
[Result "0-1"]
[WhiteElo "2098"]
[BlackElo "2453"]
[TimeControl "180+2"]
[EndTime "13:07:12 PDT"]
[Termination "pKiLz5Rn9b won by resignation"]

1. e4 e6 2. d4 d5 3. Nd2 Be7 4.
e5 c5 5. c3 Nc6 6. Bd3 cxd4 7.
cxd4 f5 8. exf6 Bxf6 9. Ndf3 Nge7 10. Ne2 O-O 11. O-O Nf5 12. Bf4 Nfxd4 13. Nexd4 Bxd4 14. Nxd4 Rxf4 15. Nxc6 bxc6 16. Qh5 h6 17. Qg6 Qf6 18. Qh7+ Kf7 19. g3 Rd4 20. Rac1 Bd7 21. Be2 Rd2 22. Bh5+ Ke7 23. b4 Rf8 24. Rc2 Rd4 25. b5 cxb5 26.
Re2 Kd6 27. Rc1 Qg5 28. Qc2 Rc4 29. Qd1 Rxc1 0-1

[Event "*** Titled Tuesday 3|2 Blitz"]
[Site "Chess.com"]
[Date "2017.05.02"]
[Round "1"]
[White "Kozok"]
[Black "Drags95"]
[Result "0-1"]
[WhiteElo "2227"]
[BlackElo "2526"]
[TimeControl "180+2"]
[EndTime "13:07:19 PDT"]
[Termination "Drags95 won by resignation"]

1. e4 c5 2. Nf3 d6 3. d4 cxd4 4. Nxd4 Nf6 5. Nc3 a6 6. Be3 e5 7. Nb3 Be7 8. h3 Be6 9. g4 d5 10. exd5 Nxd5 11. Bg2 Nxe3 12. Qxd8+ Bxd8 13. fxe3 Bh4+ 14.
Kd2 Nc6 15. Rad1 O-O-O+ 16. Kc1 Bf2 17. Nd5 Bxd5 18. Bxd5 Bxe3+ 19. Kb1 f6 20. Rhe1 Ba7 21. g5 Kc7 22. gxf6 gxf6 23. c4 Ne7 24. Bf3 Rxd1+ 25. Rxd1 Ng6 26. Na5 f5 27. Bd5 Nf4 28. h4 e4 29. b4 Bf2 30. Rf1 e3 31. Bf3 Nd3 32.
Nxb7 Ne5 33. Be2 Kxb7 34. c5 f4 0-1

[Event "*** Titled Tuesday 3|2 Blitz"]
[Site "Chess.com"]
[Date "2017.05.02"]
[Round "1"]
[White "joppie2"]
[Black "Robin-Side"]
[Result "1-0"]
[WhiteElo "2532"]
[BlackElo "2257"]
[TimeControl "180+2"]
[EndTime "13:07:24 PDT"]
[Termination "joppie2 won on time"]

1. d4 Nf6 2. Bf4 g6 3. Nc3 d5 4. Qd2 h6 5. O-O-O Bg7 6. f3 g5 7. Bg3 O-O 8. e4 c6 9. h4 g4 10.
h5 Na6 11. e5 Nh7 12. Bd3 Nb4 13. Be2 f5 14. a3 a5 15. Bf4 Qb6 16. Bxh6 c5 17.
Bxg7 Kxg7 18. Na4 Qc6 19. Nxc5 b6 20. Nd3 Nxd3+ 21. Bxd3 Ba6 22. Ne2 Rfc8 23. Bxa6 Rxa6 24. fxg4 fxg4 25. Rdf1 b5 26. Rf4 b4 27. Rhf1 bxa3 28. bxa3 Qa4 29. Rf7+ Kg8 30. Qd3 Rxc2+ 31. Qxc2 Rc6 32.
Nc3 Qxa3+ 33. Kd2 Ng5 34. Rf8+ Kg7 35. h6+ Rxh6 36. Qf5 Qb2+ 37. Kd3 1-0

[Event "*** Titled Tuesday 3|2 Blitz"]
[Site "Chess.com"]
[Date "2017.05.02"]
[Round "1"]
[White "Msb2"]
[Black "pedromartinez91"]
[Result "1-0"]
[WhiteElo "2568"]
[BlackElo "2301"]
[TimeControl "180+2"]
[EndTime "13:07:25 PDT"]
[Termination "Msb2 won on time"]

1. d4 d5 2. c4 e6 3. Nc3 Be7 4.
Nf3 Nf6 5. Qc2 O-O 6. Bg5 c5 7. dxc5 Qa5 8. cxd5 exd5 9. e3 Nc6 10. Bb5 h6 11.
Bxf6 Bxf6 12. O-O Bd7 13. Bxc6 bxc6 14. Nd4 Qxc5 15. Ne4 Qxc2 16. Nxf6+ gxf6 17. Nxc2 Rab8 18. b3 c5 19. Rfd1 Be6 20. Rac1 a5 21. Ne1 c4 22.
bxc4 dxc4 23. Nf3 Rb2 24. Nd4 Rc8 25. a3 c3 26. Rc2 Rxc2 27. Nxc2 Bb3 28. Rc1 a4 29. f3 Kf8 30. Kf2 Ke7 31. Ke2 Bc4+ 32. Ke1 Bb3 33. Nd4 Kd6 34. Rxc3 1-0